[Event "Romanian-ch Youth Open U18 2024"]
[Site "Eforie Nord"]
[Date "2024.04.19"]
[Round "9.1"]
[White "Nedelcu, Teodor-Cosmin"]
[Black "Dinca, Radu"]
[Result "*"]
[ECO "E90"]
[WhiteElo "2306"]
[BlackElo "1929"]
[Annotator "TA"]
[PlyCount "24"]
[EventDate "2024.04.10"]
[EventType "swiss"]
[EventCountry "ROU"]
[SourceTitle "playchess.com"]
[Source "ChessBase"]
[SourceQuality "1"]
[TimeControl "5400+30"]

1. d4 Nf6 2. c4 g6 3. Nc3 Bg7 4. e4 d6 5. Nf3 O-O 6. Bd3 e5 7. d5 a5 8. h3 Na6 9. O-O Bd7 10. Be3 c6 11. dxc6 Bxc6 12. Nd5 Nxd5 {[%emt 1:10:05] Black took control after the opening.   Weighted Error Value: White=0.10 (very precise) /Black=0.04 (flawless) .  Inaccurate:     	White=1     	Black=1      OK:         	---       	Black=1} *

[Event "Romanian-ch Youth Open U18 2024"]
[Site "Eforie Nord"]
[Date "2024.04.19"]
[Round "9.1"]
[White "Dinca, Radu"]
[Black "Sachilaru, Alexandru"]
[Result "1/2-1/2"]
[ECO "E90"]
[WhiteElo "1929"]
[BlackElo "2203"]
[Annotator "TA"]
[PlyCount "48"]
[EventDate "2024.04.10"]
[EventType "swiss"]
[EventCountry "ROU"]
[SourceTitle "playchess.com"]
[Source "ChessBase"]
[SourceQuality "1"]
[TimeControl "5400+30"]

1. d4 Nf6 2. c4 g6 3. Nc3 Bg7 4. e4 d6 5. Nf3 O-O 6. Bd3 e5 7. d5 a5 8. h3 Na6 9. O-O Bd7 10. Be3 c6 11. dxc6 {[%emt 1:12:11] White is slightly better.} Bxc6 12. Nd5 Nxd5 13. cxd5 {[%emt 0:00:00][%cal Od3a6] [#] And now Bxa6! would win.} ({Much weaker is} 13. exd5 Bd7 $15) 13... Bd7 14. Qb3 b5 15. Bxb5 Rb8 16. a4 Nc7 $1 17. Qc3 {[%emt 0:00:00] [#] Bxd7 would now be deadly.} Nxb5 18. axb5 Bxb5 19. Rfc1 a4 20. Qc7 (20. Qa3 $11 {might be stronger.}) 20... h6 21. Ba7 Rc8 22. Qxd8 Rfxd8 23. Bb6 Re8 (23... Rxc1+ $15 24. Rxc1 Rb8) 24. Bc7 $11 Bf8 {[%emt 0:00:37] Weighted Error Value: White=0.12 (very precise) /Black=0.11 (very precise) .  Mistake:       	White=1     	Black=1      Inaccurate:     	White=2     	Black=1      OK:         	White=5     	Black=6      Strong:       	---       	Black=1} 1/2-1/2

[Event "Romanian-ch Youth Open U18 2024"]
[Site "Eforie Nord"]
[Date "2024.04.19"]
[Round "9.2"]
[White "Nastore, Pavel-Alexandru"]
[Black "Dobre, Daniel-Alexandru"]
[Result "1-0"]
[ECO "C90"]
[WhiteElo "2189"]
[BlackElo "1834"]
[Annotator "TA"]
[PlyCount "75"]
[EventDate "2024.04.10"]
[EventType "swiss"]
[EventCountry "ROU"]
[SourceTitle "playchess.com"]
[Source "ChessBase"]
[SourceQuality "1"]
[TimeControl "5400+30"]

1. e4 e5 2. Nf3 Nc6 3. Bb5 a6 4. Ba4 Nf6 5. O-O b5 6. Bb3 Be7 7. Re1 d6 8. c3 Bg4 9. d3 O-O 10. a4 b4 11. a5 bxc3 12. bxc3 Rb8 {[%emt 0:00:57] The position is equal.} 13. Nbd2 d5 14. Qc2 d4 15. cxd4 Nxd4 16. Nxd4 exd4 17. Bc4 Bb4 18. Ba3 Bxa3 19. Rxa3 Qd6 20. Ra2 {[%emt 0:03:26] e5 is the strong threat.} Nd7 21. h3 $36 {[%emt 0:01:35][%mdl 2048] White fights for an advantage.} Be6 22. Rc1 c5 23. Rf1 Rb4 ({Better is} 23... Ne5 $11) 24. f4 $14 Bxc4 25. Nxc4 Qc7 (25... Qe6 $14) 26. e5 $16 Nb8 (26... Qc6 $142) 27. Nd6 f6 (27... Nd7 $16) 28. Re1 fxe5 29. fxe5 Nd7 30. Qe2 {[%emt 0:00:54] Threatens to win with Qe4.} Rd8 $2 {[%emt 0:00:34][%mdl 8192] Loses the game.} (30... Qc6 $16 31. Raa1 h6) 31. Qf3 {[%emt 0:03:23] White wants to mate with Qd5+.} Nxe5 {[%emt 0:00:21] [#]} 32. Qd5+ Nf7 33. Rf2 {[%emt 0:00:10][%cal Rd6f7] Intending Nxf7! and mate. Black is weak on the light squares} Rb1 (33... Rbb8 $18 34. Qxf7+ Qxf7 35. Nxf7 Rd7) 34. Rxb1 {[%emt 0:00:12][%cal Be1b1,Bb1b8,Bb8d8,Bd8e8][%mdl 32] White mates.} Rxd6 {[%emt 0:00:10] [#]} 35. Qxf7+ $1 Qxf7 36. Rb8+ Rd8 37. Rxd8+ Qe8 38. Rxe8# {[%emt 0:00:04] Weighted Error Value: White=0.18 (very precise) /Black=0.56.  Loses game:     	---       	Black=1      Mistake:       	---       	Black=5      Inaccurate:     	White=2     	Black=3      OK:         	White=9     	Black=8      Best:        	White=1     	Black=3} 1-0

[Event "Romanian-ch Youth Open U18 2024"]
[Site "Eforie Nord"]
[Date "2024.04.19"]
[Round "9.2"]
[White "Dima, Ioan-Radu"]
[Black "Filip, Andrei"]
[Result "*"]
[ECO "C90"]
[WhiteElo "1913"]
[BlackElo "2299"]
[Annotator "TA"]
[PlyCount "25"]
[EventDate "2024.04.10"]
[EventType "swiss"]
[EventCountry "ROU"]
[SourceTitle "playchess.com"]
[Source "ChessBase"]
[SourceQuality "1"]
[TimeControl "5400+30"]

1. e4 e5 2. Nf3 Nc6 3. Bb5 a6 4. Ba4 Nf6 5. O-O b5 6. Bb3 Be7 7. Re1 d6 8. c3 Bg4 9. d3 O-O 10. a4 b4 11. a5 bxc3 12. bxc3 Rb8 13. Nbd2 {[%emt 0:17:22] A rather calm draw.   Weighted Error Value: White=0.09 (flawless) /Black=0.02 (flawless) .  OK:         	White=1     	Black=2} *